 Dungeon Sprint DCSS version 0.17-a0-1939-ga475588 (webtiles) character file.

1113 pipel the Thaumaturge (level 8, -2/58 HPs)
             Began as an Octopode Air Elementalist on Sept 29, 2015.
             Was a Priest of Vehumet.
             Slain by a hill giant
             ... wielding a +0 giant club
              (10 damage)
             ... in the Dungeon (Sprint IX: "|||||||||||||||||||||||||||||").
             The game lasted 00:03:45 (268 turns).

pipel the Thaumaturge (Octopode Air Elementalist)    Turns: 268, Time: 00:03:45

Health: -2/58      AC:  3    Str:  7    XL:     8   Next: 33%
Magic:  6/22       EV: 17    Int: 19    God:    Vehumet [***...]
Gold:   0          SH:  0    Dex: 16    Spells: 4 memorised, 17 levels left

rFire  . . .     SeeInvis .     b - staff of energy
rCold  . . .     Clarity  .     (no shield)
rNeg   . . .     SustAt   .     (helmet restricted)
rPois  .         Gourm    .     (no amulet)
rElec  .         Spirit   .     p - +2 ring of protection
rCorr  .         Warding  .     q - +3 ring of dexterity
rMut   .         NoTele   +     (no ring)
MR     .....                    (no ring)
Stlth  +++.......               (no ring)
                                (no ring)
                                (no ring)
                                (no ring)

@: very slightly contaminated, repel missiles, not resistant to hostile
enchantments, fairly stealthy
A: almost no armour, amphibious, 8 rings, constrict 8, camouflage 1, gelatinous
body 1
a: Renounce Religion


You were in the Dungeon.
You worshipped Vehumet.
Vehumet was most pleased with you.
You were not hungry.

You visited 1 branch

Inventory:

Hand weapons
 a - a +2 halberd of protection
 i - a +0 dagger
Magical staves
 b - an uncursed staff of energy (weapon)
Jewellery
 p - a +2 ring of protection (left tentacle)
 q - a +3 ring of dexterity (right tentacle)
Magical devices
 m - a wand of fire (0)
Scrolls
 h - a scroll of blinking
 k - 3 scrolls of remove curse
 l - 2 scrolls of amnesia
Potions
 c - 5 potions of curing
 d - 3 potions of heal wounds
 e - a potion of invisibility
 f - 4 potions of magic
 g - a potion of berserk rage
Books
 o - a book of Air

   Spells                             Type                      Level
   a - Shock                          Conjuration/Air              1
   b - Swiftness                      Charms/Air                   2
   c - Repel Missiles                 Charms/Air                   2
   d - Static Discharge               Conjuration/Air              3
   e - Lightning Bolt                 Conjuration/Air              5
Comestibles
 j - 7 chunks of flesh
 n - a bread ration


   Skills:
 + Level 6.7 Fighting
 + Level 7.2 Dodging
 - Level 2.6 Stealth
 + Level 10.7 Spellcasting
 + Level 6.9 Conjurations
 + Level 7.4 Air Magic


You had 17 spell levels left.
You knew the following spells:

 Your Spells              Type           Power        Failure   Level  Hunger
a - Shock                 Conj/Air       ####         1%          1    None
b - Lightning Bolt        Conj/Air       #####.....   3%          5    None
c - Static Discharge      Conj/Air       #####...     1%          3    None
d - Repel Missiles        Chrm/Air       ###...       2%          2    None


Dungeon Overview and Level Annotations

Branches:
Dungeon (1/1)

Altars:
Cheibriados
Dithmenos
Elyvilon
Fedhas
Gozag
Kikubaaqudgha
Makhleb
Nemelex Xobeh
Okawaru
Qazlal
Ru
Sif Muna
Trog
Vehumet
Xom
Yredelemnul
Zin
The Shining One
Beogh
Jiyva
Lugonu


Innate Abilities, Weirdness & Mutations

You cannot wear most types of armour.
You are amphibious.
You can wear up to eight rings at the same time.
You can use your tentacles to constrict eight enemies at once.
Your skin changes colour to match your surroundings (Stealth).
Your rubbery body absorbs attacks (AC +1).


Message History

Press: ? - help, Shift-Dir - straight line, f/p - hill giant
Aim: a hill giant, wielding a giant club (heavily wounded)
The bolt of fire hits the hill giant.
The hill giant is severely wounded.
The bolt of fire hits the jelly.
You kill the jelly!
Vehumet accepts your kill.
Vehumet is aiding your destructive magics.
You feel your power returning.
This wand has 1 charge left.
The hill giant completely misses you.
Unknown command.
Evoke which item? (* to show all) (? for menu, Esc to quit)
Zapping:
m - a wand of fire (1)
Press: ? - help, Shift-Dir - straight line, f/p - hill giant
Aim: a hill giant, wielding a giant club (severely wounded)
The bolt of fire hits the hill giant.
The hill giant is almost dead.
The bolt of fire hits something.
This wand has 0 charges left.
The hill giant hits you with a giant club!
You die...

▓.▓
▓.▓
▓)▓
▓[▓
▓[▓
▓[▓
▓.▓
▓.▓
▓@▓
▓C▓
▓†▓
▓†▓
▓.▓
▓†▓
▓.▓
▓'▓
▓.▓


You could see a hill giant.

Vanquished Creatures
  A hill giant (D)
  A troll (D)
  A crocodile (D)
  2 giant frogs (D)
  A killer bee (D)
  3 crimson imps (D)
  A hound (D)
  A jelly (D)
  A worker ant (D)
  An adder (D)
  An orc (D)
  A hobgoblin (D)
  A giant cockroach (D)
  A giant gecko skeleton (D)
  2 kobolds (D)
  A rat (D)
20 creatures vanquished.

Notes
Turn   | Place    | Note
--------------------------------------------------------------
     0 | D        | pipel the Octopode Air Elementalist began the quest for the Orb.
     0 | D        | Reached XP level 1. HP: 11/11 MP: 3/3
    55 | D        | Noticed a crimson imp
    55 | D        | Noticed a crimson imp
    55 | D        | Noticed a crimson imp
    63 | D        | Reached XP level 2. HP: 17/17 MP: 1/6
    63 | D        | Reached skill level 4 in Spellcasting
    67 | D        | Killed a crimson imp
    67 | D        | Reached skill level 6 in Spellcasting
    67 | D        | Reached XP level 3. HP: 17/21 MP: 0/11
    68 | D        | Killed a crimson imp
    68 | D        | Reached skill level 7 in Spellcasting
    68 | D        | Reached XP level 4. HP: 21/27 MP: 0/13
    80 | D        | Killed a crimson imp
    80 | D        | Reached skill level 8 in Spellcasting
    80 | D        | Reached XP level 5. HP: 16/31 MP: 0/16
    91 | D        | Found a glowing silver altar of Zin.
    91 | D        | Found a glowing golden altar of the Shining One.
    91 | D        | Found an ancient bone altar of Kikubaaqudgha.
    91 | D        | Found a basalt altar of Yredelemnul.
    91 | D        | Found a shimmering altar of Xom.
    91 | D        | Found a radiant altar of Vehumet.
    92 | D        | Found an iron altar of Okawaru.
    93 | D        | Found a burning altar of Makhleb.
    94 | D        | Found a deep blue altar of Sif Muna.
    95 | D        | Found a bloodstained altar of Trog.
    96 | D        | Found a sparkling altar of Nemelex Xobeh.
    97 | D        | Found a white marble altar of Elyvilon.
    98 | D        | Found a roughly hewn altar of Beogh.
    99 | D        | Became a worshipper of Vehumet
   100 | D        | Found a viscous altar of Jiyva.
   101 | D        | Found a corrupted altar of Lugonu.
   102 | D        | Found a blossoming altar of Fedhas.
   103 | D        | Found a snail-covered altar of Cheibriados.
   104 | D        | Found a shadowy altar of Dithmenos.
   105 | D        | Found a stormy altar of Qazlal.
   106 | D        | Found an opulent altar of Gozag.
   107 | D        | Found a sacrificial altar of Ru.
   199 | D        | Learned a level 5 spell: Lightning Bolt
   203 | D        | Learned a level 3 spell: Static Discharge
   206 | D        | Learned a level 2 spell: Repel Missiles
   212 | D        | Noticed a troll
   212 | D        | Noticed a giant frog
   212 | D        | Noticed a giant frog
   212 | D        | Noticed a hound
   212 | D        | Noticed a hill giant
   212 | D        | Noticed a worker ant
   213 | D        | Killed a giant frog
   213 | D        | Reached skill level 9 in Spellcasting
   215 | D        | Killed a troll
   215 | D        | Reached skill level 5 in Dodging
   215 | D        | Reached skill level 5 in Air Magic
   215 | D        | Reached XP level 6. HP: 33/44 MP: 16/18
   215 | D        | Killed a hound
   215 | D        | Acquired Vehumet's first power
   215 | D        | Offered knowledge of Sting by Vehumet.
   216 | D        | Killed a giant frog
   216 | D        | Reached skill level 10 in Spellcasting
   216 | D        | Reached skill level 5 in Conjurations
   216 | D        | Reached XP level 7. HP: 35/49 MP: 11/20
   219 | D        | Killed a hill giant
   219 | D        | Reached XP level 8. HP: 38/58 MP: 6/22
   221 | D        | Killed a worker ant
   258 | D        | Noticed a hill giant
   258 | D        | Noticed a crocodile
   258 | D        | Noticed a killer bee
   258 | D        | Noticed a jelly
   259 | D        | Killed a killer bee
   264 | D        | Killed a crocodile
   267 | D        | Killed a jelly
   267 | D        | Acquired Vehumet's second power
   268 | D        | Slain by a hill giant

Vault maps used:
D:        linesprint

Action                   |  1- 3 |  4- 6 |  7- 9 || total
-------------------------+-------+-------+-------++-------
Melee: Unarmed           |     1 |       |       ||     1
       Dagger            |     4 |    10 |       ||    14
       Halberd           |       |       |     1 ||     1
 Cast: Shock             |     7 |     1 |       ||     8
       Repel Missiles    |       |     1 |       ||     1
       Lightning Bolt    |       |       |     5 ||     5
       Static Discharge  |       |       |     1 ||     1
Evoke: Wand              |       |     3 |     4 ||     7
       Staff of energy   |       |     1 |     6 ||     7
  Use: Potion            |     1 |       |       ||     1
       Scroll            |       |       |     1 ||     1
 Stab: Sleeping          |     1 |       |       ||     1
